SKY
TORONTO BLUE JAYS @ CLEVELAND INDIANS
08/14/2052
 
TOP OF THE 1ST
Toronto Blue Jays batting - Pitching for Cleveland Indians : RHP Fabian Galloway
Pitching: RHP Fabian Galloway
Batting: LHB Connor Thomas 0-0: Ball
1-0: Ground out 4-3 (Groundball, 4, EV 100.6 MPH)
Batting: RHB Mike Asawawong 0-0: Ball
1-0: Ball
2-0: Ball
3-0: Called Strike
3-1: Foul Ball, location: 9LDF
3-2: Foul Ball, location: 2F
3-2: Fly out, F3 (Popup, 3, EV 63.8 MPH)
Batting: LHB Jackson Kilsdonk 0-0: Called Strike
0-1: Ball
1-1: Foul Ball, location: 2F
1-2: Ball
2-2: Foul Ball, location: 2F
2-2: Strikes out swinging
Top of the 1st over - 0 runs, 0 hits, 0 errors, 0 left on base; Toronto 0 - Cleveland 0
BOTTOM OF THE 1ST
Cleveland Indians batting - Pitching for Toronto Blue Jays : RHP Hugo Paulino
Pitching: RHP Hugo Paulino
Batting: RHB Cowboy Beyer 0-0: Ball
1-0: Ball
2-0: Ball
3-0: Called Strike
3-1: Fly out, F8 (Flyball, 89M, EV 87.5 MPH)
Batting: LHB Harrison Waite 0-0: Called Strike
0-1: Ball
1-1: Ball
2-1: Ball
3-1: Swinging Strike
3-2: Foul Ball, location: 23F
3-2: Strikes out swinging
Batting: RHB Chia-Wei Ni 0-0: SINGLE (Groundball, 6M, EV 85.0 MPH) (infield hit)
Batting: LHB Anibal Gaines 0-0: Ball
Chia-Wei Ni steals 2nd base
1-0: Ball
2-0: Called Strike
2-1: Swinging Strike
2-2: Strikes out looking
Bottom of the 1st over - 0 runs, 1 hit, 0 errors, 1 left on base; Toronto 0 - Cleveland 0
TOP OF THE 2ND
Toronto Blue Jays batting - Pitching for Cleveland Indians : RHP Fabian Galloway
Batting: RHB Jayden Bice 0-0: Foul Ball, location: 2F
0-1: Ball
1-1: Swinging Strike
1-2: Strikes out swinging
Batting: RHB Atlas Alvarado 0-0: SOLO HOME RUN (Flyball, 8LXD, EV 113.1 MPH), Distance : 469 ft
Batting: SHB Mendy Pérez 0-0: Called Strike
0-1: Ball
1-1: Ball
2-1: Foul Ball, location: 3F
2-2: Ground out U3 (Groundball, 3L, EV 88.1 MPH)
Batting: RHB Kent Enyard 0-0: Called Strike
0-1: Fly out, F7 (Flyball, 7, EV 100.0 MPH)
Top of the 2nd over - 1 run, 1 hit, 0 errors, 0 left on base; Toronto 1 - Cleveland 0
BOTTOM OF THE 2ND
Cleveland Indians batting - Pitching for Toronto Blue Jays : RHP Hugo Paulino
Batting: LHB Jonathan DeMarino 0-0: Called Strike
0-1: Ball
1-1: Ball
2-1: Ball
3-1: Base on Balls
Batting: RHB Antony Olguin 0-0: Foul Ball, location: 3F
0-1: Ball
1-1: Foul Ball, location: 3FF
1-2: Foul Ball, location: 3FF
1-2: Foul Ball, location: 3F
1-2: Ball
2-2: Foul Ball, location: 7LSF
2-2: Ground out 5-3 (Groundball, 56, EV 61.3 MPH)
Jonathan DeMarino to second
Batting: RHB Oliver Melendez 0-0: Ground out 6-3 (Groundball, 6, EV 90.0 MPH)
Batting: RHB Ben Schubert 0-0: Swinging Strike
0-1: Foul Ball, location: 7LMF
0-2: Foul Ball, location: 9LDF
0-2: Ball
1-2: Reached on error, E4 (Groundball, 4, EV 75.6 MPH)
Jonathan DeMarino to third
Batting: SHB Bryce Rudzinski 0-0: Ball
1-0: Called Strike
Ben Schubert steals 2nd base
1-1: Called Strike
1-2: Ball
2-2: Strikes out swinging
Bottom of the 2nd over - 0 runs, 0 hits, 1 error, 2 left on base; Toronto 1 - Cleveland 0
TOP OF THE 3RD
Toronto Blue Jays batting - Pitching for Cleveland Indians : RHP Fabian Galloway
Batting: RHB Ernie Brox 0-0: Ball
1-0: Foul Ball, location: 9LSF
1-1: Foul Ball, location: 3F
1-2: Foul Ball, location: 5F
1-2: Strikes out swinging
Batting: RHB Fadil Ring 0-0: Called Strike
0-1: Ball
1-1: Called Strike
1-2: Fly out, F8 (Flyball, 78D, EV 93.8 MPH)
Batting: LHB Connor Thomas 0-0: Ball
1-0: Called Strike
1-1: Foul Ball, location: 25FF
1-2: Strikes out swinging
Top of the 3rd over - 0 runs, 0 hits, 0 errors, 0 left on base; Toronto 1 - Cleveland 0
BOTTOM OF THE 3RD
Cleveland Indians batting - Pitching for Toronto Blue Jays : RHP Hugo Paulino
Batting: RHB Cowboy Beyer 0-0: Called Strike
0-1: Ball
1-1: Ball
2-1: SINGLE (Groundball, 6M, EV 100.6 MPH) (infield hit)
Batting: LHB Harrison Waite 0-0: Called Strike
0-1: Ball
Cowboy Beyer steals 2nd base
1-1: Reached on error, E3 (Groundball, 34, EV 87.5 MPH)
Batting: RHB Chia-Wei Ni 0-0: Swinging Strike
0-1: Hit by Pitch
Cowboy Beyer to third
Harrison Waite to second
Batting: LHB Anibal Gaines 0-0: Called Strike
0-1: Grounds into double play, 5-4-3 (Groundball, 5, EV 79.4 MPH)
Cowboy Beyer scores
Harrison Waite to third
Batting: LHB Jonathan DeMarino 0-0: Ball
1-0: Ball
2-0: Foul Ball, location: 2F
2-1: Foul Ball, location: 2F
2-2: Ball
3-2: Strikes out swinging
Bottom of the 3rd over - 1 run, 1 hit, 1 error, 1 left on base; Toronto 1 - Cleveland 1
TOP OF THE 4TH
Toronto Blue Jays batting - Pitching for Cleveland Indians : RHP Fabian Galloway
Batting: RHB Mike Asawawong 0-0: Ball
1-0: Ball
2-0: Swinging Strike
2-1: Foul Ball, location: 2F
2-2: Foul Ball, location: 2F
2-2: Fly out, F8 (Flyball, 8LD, EV 98.1 MPH)
Batting: LHB Jackson Kilsdonk 0-0: Foul Ball, location: 9LMF
0-1: Fly out, F8 (Flyball, 89S, EV 96.3 MPH)
Batting: RHB Jayden Bice 0-0: Ball
1-0: Ball
2-0: Ball
3-0: Called Strike
3-1: Foul Ball, location: 9LDF
3-2: Ground out 4-3 (Groundball, 34D, EV 97.5 MPH)
Top of the 4th over - 0 runs, 0 hits, 0 errors, 0 left on base; Toronto 1 - Cleveland 1
BOTTOM OF THE 4TH
Cleveland Indians batting - Pitching for Toronto Blue Jays : RHP Hugo Paulino
Batting: RHB Antony Olguin 0-0: Foul Ball, location: 25F
0-1: Ball
1-1: SINGLE (Line Drive, 4D, EV 96.9 MPH)
Batting: RHB Oliver Melendez 0-0: Ball
1-0: Bunt missed!
1-1: Sac Bunt to 3S - play at second, runner OUT! 3-6
Batting: RHB Ben Schubert 0-0: Ball
1-0: Ball
2-0: SINGLE (Groundball, 6MD, EV 103.8 MPH)
Oliver Melendez to second
Batting: SHB Bryce Rudzinski 0-0: Ball
1-0: Ball
2-0: Called Strike
2-1: Grounds into double play, 4-6-3 (Groundball, 4, EV 104.4 MPH)
Bottom of the 4th over - 0 runs, 2 hits, 0 errors, 1 left on base; Toronto 1 - Cleveland 1
TOP OF THE 5TH
Toronto Blue Jays batting - Pitching for Cleveland Indians : RHP Fabian Galloway
Batting: RHB Atlas Alvarado 0-0: Called Strike
0-1: Ground out 6-3 (Groundball, 6, EV 98.8 MPH)
Batting: SHB Mendy Pérez 0-0: Foul Ball, location: 2F
0-1: Ball
1-1: Ball
2-1: Swinging Strike
2-2: Foul Ball, location: 7LSF
2-2: Ball
3-2: Strikes out swinging
Batting: RHB Kent Enyard 0-0: SINGLE (Groundball, 4MD, EV 98.8 MPH)
Batting: RHB Ernie Brox 0-0: Ball
1-0: Called Strike
1-1: Called Strike
1-2: Ball
2-2: Strikes out swinging
Top of the 5th over - 0 runs, 1 hit, 0 errors, 1 left on base; Toronto 1 - Cleveland 1
BOTTOM OF THE 5TH
Cleveland Indians batting - Pitching for Toronto Blue Jays : RHP Hugo Paulino
Batting: RHB Cowboy Beyer 0-0: Swinging Strike
0-1: Called Strike
0-2: Ball
1-2: Ball
2-2: Ball
3-2: Foul Ball, location: 25F
3-2: Base on Balls
Batting: LHB Harrison Waite 0-0: Ball
Cowboy Beyer steals 2nd base
1-0: Fly out, F8 (Flyball, 8LM, EV 73.8 MPH)
Batting: RHB Chia-Wei Ni 0-0: Ball
Cowboy Beyer steals 3rd base
1-0: Ball
Wild Pitch!
Cowboy Beyer scores
2-0: Called Strike
2-1: Ball
3-1: Called Strike
3-2: Foul Ball, location: 2F
3-2: Foul Ball, location: 5FF
3-2: Strikes out swinging
Batting: LHB Anibal Gaines 0-0: Ball
1-0: Foul Ball, location: 2F
1-1: Ground out 6-3 (Groundball, 6MD, EV 101.9 MPH)
Bottom of the 5th over - 1 run, 0 hits, 0 errors, 0 left on base; Toronto 1 - Cleveland 2
TOP OF THE 6TH
Toronto Blue Jays batting - Pitching for Cleveland Indians : RHP Fabian Galloway
Batting: RHB Fadil Ring 0-0: Swinging Strike
0-1: Ball
1-1: Called Strike
1-2: Ball
2-2: Foul Ball, location: 9LMF
2-2: Strikes out swinging
Batting: LHB Connor Thomas 0-0: Swinging Strike
0-1: Ball
1-1: SINGLE (Line Drive, 89S, EV 105.0 MPH)
Batting: RHB Mike Asawawong 0-0: Called Strike
0-1: Fly out, F9 (Flyball, 9LS, EV 88.8 MPH)
Batting: LHB Jackson Kilsdonk 0-0: Ball
Connor Thomas steals 2nd base
1-0: Ball
2-0: Ball
3-0: Called Strike
3-1: Swinging Strike
3-2: Strikes out swinging
Top of the 6th over - 0 runs, 1 hit, 0 errors, 1 left on base; Toronto 1 - Cleveland 2
BOTTOM OF THE 6TH
Cleveland Indians batting - Pitching for Toronto Blue Jays : RHP Hugo Paulino
Batting: LHB Jonathan DeMarino 0-0: Called Strike
0-1: Fly out, F4 (Popup, 4, EV 71.9 MPH)
Batting: RHB Antony Olguin 0-0: Ball
1-0: Ball
2-0: Ground out 4-3 (Groundball, 4M, EV 83.1 MPH)
Batting: RHB Oliver Melendez 0-0: Ball
1-0: Ground out 6-3 (Groundball, 6, EV 84.4 MPH)
Bottom of the 6th over - 0 runs, 0 hits, 0 errors, 0 left on base; Toronto 1 - Cleveland 2
TOP OF THE 7TH
Toronto Blue Jays batting - Pitching for Cleveland Indians : RHP Fabian Galloway
Pitching: LHP Ernest Martines
Batting: RHB Jayden Bice 0-0: Called Strike
0-1: Fly out, F9 (Line Drive, 9D, EV 107.5 MPH)
Batting: RHB Atlas Alvarado 0-0: Ball
1-0: Ball
2-0: Ball
3-0: Called Strike
3-1: Base on Balls
Batting: SHB Mendy Pérez 0-0: Ball
1-0: Swinging Strike
1-1: Foul Ball, location: 9LSF
1-2: Grounds into double play, 6-4-3 (Groundball, 6, EV 103.1 MPH)
Top of the 7th over - 0 runs, 0 hits, 0 errors, 0 left on base; Toronto 1 - Cleveland 2
BOTTOM OF THE 7TH
Cleveland Indians batting - Pitching for Toronto Blue Jays : RHP Hugo Paulino
Batting: RHB Ben Schubert 0-0: Ball
1-0: Swinging Strike
1-1: Ball
2-1: Foul Ball, location: 2F
2-2: Ball
3-2: Hit by Pitch
Pitching: LHP Amerigo Payan
Batting: SHB Bryce Rudzinski 0-0: Called Strike
0-1: Called Strike
0-2: Ball
1-2: Fly out, F7 (Flyball, 7D, EV 108.1 MPH)
Batting: RHB Cowboy Beyer 0-0: Called Strike
Ben Schubert is caught stealing 2nd base 2-4
0-1: Ball
1-1: Foul Ball, location: 5F
1-2: Ball
2-2: Strikes out looking
Bottom of the 7th over - 0 runs, 0 hits, 0 errors, 0 left on base; Toronto 1 - Cleveland 2
TOP OF THE 8TH
Toronto Blue Jays batting - Pitching for Cleveland Indians : LHP Ernest Martines
Batting: RHB Kent Enyard 0-0: Ball
1-0: Called Strike
1-1: Swinging Strike
1-2: Strikes out swinging
Batting: RHB Ernie Brox 0-0: Called Strike
0-1: Foul Ball, location: 5SF
0-2: Fly out, F8 (Line Drive, 8RM, EV 99.4 MPH)
Pinch Hitting: RHB Damien Escobar 0-0: Ball
1-0: Ball
2-0: Called Strike
2-1: Foul Ball, location: 2F
2-2: Ball
3-2: Foul Ball, location: 23FF
3-2: Fly out, F9 (Flyball, 9, EV 88.8 MPH)
Top of the 8th over - 0 runs, 0 hits, 0 errors, 0 left on base; Toronto 1 - Cleveland 2
BOTTOM OF THE 8TH
Cleveland Indians batting - Pitching for Toronto Blue Jays : LHP Amerigo Payan
Now at 1B: Damien Escobar
Now at 2B: Atlas Alvarado
Now at SS: Mike Asawawong
Batting: LHB Harrison Waite 0-0: Ball
1-0: Ball
2-0: Ball
3-0: Base on Balls
Batting: RHB Chia-Wei Ni 0-0: Ball
1-0: Ball
2-0: Called Strike
2-1: Ball
3-1: Foul Ball, location: 9LSF
3-2: Fly out, F4 (Popup, 4, EV 66.9 MPH)
Batting: LHB Anibal Gaines 0-0: Foul Ball, location: 2F
0-1: Foul Ball, location: 7LMF
0-2: Strikes out swinging
Batting: LHB Jonathan DeMarino 0-0: Ball
1-0: Called Strike
1-1: Foul Ball, location: 3FF
1-2: Foul Ball, location: 25FF
1-2: Ball
2-2: Foul Ball, location: 3F
2-2: Strikes out swinging
Bottom of the 8th over - 0 runs, 0 hits, 0 errors, 1 left on base; Toronto 1 - Cleveland 2
TOP OF THE 9TH
Toronto Blue Jays batting - Pitching for Cleveland Indians : LHP Ernest Martines
Batting: LHB Connor Thomas 0-0: Ground out 4-3 (Groundball, 4, EV 78.8 MPH)
Batting: RHB Mike Asawawong 0-0: Swinging Strike
0-1: Fly out, F3 (Popup, 3SF, EV 80.0 MPH)
Batting: LHB Jackson Kilsdonk 0-0: Called Strike
0-1: Ball
1-1: Fly out, F7 (Flyball, 78D, EV 91.3 MPH)
Top of the 9th over - 0 runs, 0 hits, 0 errors, 0 left on base; Toronto 1 - Cleveland 2
Friday, May 3rd , 2024 - OOTP Baseball 24.11 Build 85